 Dungeon Crawl Stone Soup version 0.29-a0-1033-gb6c65ffae6 (webtiles) character file.

Game seed: 14833285151582541826

161 voltaire321 the Caller (level 5, 0/48 HPs)
             Began as an Octopode Summoner on Aug 15, 2022.
             Succumbed to a scorpion's poison
             ... on level 4 of the Dungeon.
             The game lasted 00:10:43 (3582 turns).

voltaire321 the Caller (Octopode Summoner)          Turns: 3582, Time: 00:10:43

Health: 0/48       AC: 22    Str:  7    XL:     5   Next: 42%
Magic:  9/9        EV:  2    Int: 20    God:
Gold:   199        SH:  0    Dex: 12    Spells: 4/9 levels left

rFire   . . .      SeeInvis .   b - +0 short sword
rCold   . . .      Faith    .   (no shield)
rNeg    . . .      Spirit   .   (helmet currently unavailable)
rPois   +          Reflect  .   (no amulet)
rElec   .          Harm     .   (no ring)
rCorr   .          Rampage  .   (no ring)
Will    .....      NoTele   +   (no ring)
Stlth   ++........              (no ring)
HPRegen 0.16/turn               (no ring)
MPRegen 0.11/turn               (no ring)
                                (no ring)
                                (no ring)

@: lethally poisoned (0 -> -8), tree-form, hasted, very quick
A: stationary, stasis, torment immunity, boosted hp, almost no armour,
(amphibious), 8 rings, (camouflage 1), (gelatinous body 1), (nimble swimmer 1),
(tentacles)
a: no special abilities


You were on level 4 of the Dungeon.
You were a tree.
You visited 1 branch of the dungeon, and saw 4 of its levels.

You collected 199 gold pieces.

Inventory:

Hand Weapons
 b - a +0 short sword (weapon)
Jewellery
 k - a ring of ice
Wands
 o - a wand of flame (30)
Scrolls
 d - 2 scrolls of poison
 e - a scroll of blinking
 n - a scroll of identify {unknown}
Potions
 a - a potion of magic
 c - a potion of might {unknown}
 f - 3 potions of haste
 g - 3 potions of lignification
 h - 2 potions of berserk rage {unknown}
 i - 3 potions of curing
 j - a potion of mutation {unknown}
 l - a potion of brilliance {unknown}
 m - a potion of flight {unknown}


   Skills:
 + Level 0.9 Fighting
 + Level 3.0 Dodging
 + Level 4.0 Stealth
 + Level 2.7 Spellcasting
 + Level 1.2 Hexes
 + Level 4.5 Summonings
 + Level 1.0 Ice Magic


You had 4 spell levels left.
You knew the following spells:

 Your Spells              Type           Power      Damage    Failure   Level
a - Call Imp              Summ           21%        N/A       3%          2
b - Ensorcelled Hibernat  Hex/Ice        14%        N/A       14%         2
c - Summon Small Mammal   Summ           84%        N/A       2%          1

Your spell library contained the following spells:

 Spells                   Type           Power      Damage    Failure   Level
 Call Canine Familiar     Summ           21%        N/A       7%          3
 Slow                     Hex            28%        N/A       9%          1
 Summon Guardian Golem    Hex/Summ       14%        N/A       13%         3
 Magic Dart               Conj           8%         1d3       14%         1
 Blink                    Tloc           4%         N/A       22%         2
 Passwall                 Tmut/Erth      1%         N/A       22%         2
 Searing Ray              Conj           4%         2d4       22%         2
 Static Discharge         Conj/Air       2%         3-4/arc   22%         2
 Confusing Touch          Hex            7%         N/A       26%         3
 Mephitic Cloud           Conj/Pois/Air  2%         N/A       41%         3
 Swiftness                Air            2%         N/A       41%         3
 Vampiric Draining        Necr           2%         2d6       41%         3
 Summon Lightning Spire   Summ/Air       11%        N/A       50%         4
 Iskenderun's Battlesphe  Conj           2%         2d6       99%         5
 Manifold Assault         Tloc           2%         N/A       99%         5
 Iron Shot                Conj/Erth      1%         9d1       100%        6
 Ozocubu's Refrigeration  Ice            3%         4d8       100%        7
 Spellforged Servitor     Conj/Summ      5%         N/A       100%        7
 Storm Form               Tmut/Air       1%         N/A       100%        7
 Fire Storm               Conj/Fire      1%         7d1       100%        9


Dungeon Overview and Level Annotations

Branches:
Dungeon (4/15)
 Temple: D:4-7

Altars:
Yredelemnul

Shops:
D:3 :


Innate Abilities, Weirdness & Mutations

You are a tree.
Your roots penetrate the ground, keeping you stationary.
You cannot be teleported.
You are immune to unholy pain and torment.
Your maximum health is greatly increased.
You cannot wear most types of armour.
((You are amphibious.))
You can wear up to eight rings at the same time.
((Your skin changes colour to match your surroundings (Stealth+).))
((Your rubbery body absorbs attacks. (AC +1, EV +1)))
((You are camouflaged when in or above water. (Stealth+)))
((You have tentacles for arms and can constrict up to eight enemies at once.))


Message History

You hit the scorpion.
The scorpion is severely wounded.
The scorpion stings you but does no damage.
You closely miss the scorpion.
The scorpion is severely wounded.
The scorpion stings you but does no damage.
You closely miss the scorpion.
The scorpion is severely wounded.
The scorpion stings you but does no damage.
You barely miss the scorpion.
The scorpion is severely wounded.
The scorpion stings you.
* * * LOW HITPOINT WARNING * * *
You hit the scorpion but do no damage.
The scorpion is severely wounded.
You hit the scorpion but do no damage.
The scorpion is severely wounded.
The scorpion stings you.
* * * LOW HITPOINT WARNING * * *
You are lethally poisoned!
The scorpion poisons you!
You barely miss the scorpion.
The scorpion is severely wounded.
* * * LOW HITPOINT WARNING * * *
You feel very sick. The scorpion stings you.
* * * LOW HITPOINT WARNING * * *
You hit the scorpion but do no damage.
The scorpion is severely wounded.
* * * LOW HITPOINT WARNING * * *
You feel sick.
The scorpion stings you but does no damage.
You hit the scorpion.
The scorpion is almost dead.
* * * LOW HITPOINT WARNING * * *
You feel sick.
The scorpion stings you but does no damage.
You barely miss the scorpion.
The scorpion is almost dead.
You die...

#.#. # #.#.#
#.#.# #.#.#
#.#.# #
##.#.# ##
##.#.# ##.
#s#5## ##.#
##♣#.## ##.#.
##.#.##
##.#.#
##.#.##
##.#.##
##.#.##
##.#.##
##.#.###.#.##
##.#.#.#.##
##.#.#.##
##.#.## ##.##


You could see a scorpion (ally target) and a friendly crimson imp (summoned).

Vanquished Creatures
  A hound (D:4)
  An iguana (D:2)
  3 adders
  An ufetubus (D:4)
  A worm (D:2)
  4 ball pythons
  6 bats
  6 endoplasms
  4 giant cockroaches
  8 goblins
  5 hobgoblins
  4 kobolds
  A quokka (D:2)
  6 frilled lizards
  6 rats
57 creatures vanquished.

Vanquished Creatures (collateral kills)
  An adder (D:4)
  A hobgoblin (D:1)
  A quokka (D:2)
  A ball python (D:2)
  A kobold (D:1)
5 creatures vanquished.

Grand Total: 62 creatures vanquished

Notes
Turn   | Place    | Note
-------+----------+-------------------------------------------
     0 | D:1      | voltaire321 the Octopode Summoner began the quest for the
                  | Orb.
     0 | D:1      | Reached XP level 1. HP: 11/11 MP: 3/3
   137 | D:1      | Found a faded altar of an unknown god.
   342 | D:1      | Reached XP level 2. HP: 17/17 MP: 3/5
   723 | D:1      | Reached XP level 3. HP: 14/21 MP: 4/6
  1474 | D:2      | Learned a level 2 spell: Call Imp
  1477 | D:2      | Learned a level 2 spell: Ensorcelled Hibernation
  1638 | D:2      | Reached XP level 4. HP: 27/27 MP: 7/7
  2123 | D:3      | Found Poonuhash's Book Boutique.
  2313 | D:3      | Got the Essays on Violent Frostbite
  2362 | D:3      | Found a basalt altar of Yredelemnul.
  3160 | D:4      | Reached skill level 1 in Hexes
  3160 | D:4      | Reached XP level 5. HP: 23/32 MP: 6/9
  3487 | D:4      | Reached skill level 1 in Ice Magic
  3581 | D:4      | HP: 1/48 [poisoned by a scorpion]
  3582 | D:4      | Succumbed to a scorpion's poison

Illustrated notes

Levels and vault maps discovered:
D:1:      eino_arrival_water_star, layout_basic, basic_ecumenical_altar,
          minmay_misc_feat_nine_boxes, grunt_decor_arrowhead,
          hangedman_decor_clover_reticule, skrybe_limestone_x,
          wander_ebering_terrifying_dragon_lair
D:2:      layout_rooms, mrwooster_statue_mirror, chequers_arboretum,
          feat_on_display
D:3:      layout_loops_corners, mainiacjoe_overflow_catwalk, serial_shops,
          nicolae_shop_advertising_works [nicolae_subvault_shop_adworks]
D:4:      minmay_inner_zag, layout_cave_pools

Skill      XL: |  1  2  3  4  5 |
---------------+----------------+-----
Stealth        | 3 4 |  4.0
Hexes          | 1 |  1.2
Dodging        | 3 |  3.0
Ice Magic      | 1 |  1.0
Fighting       | |  0.9
Spellcasting   | |  2.7
Summonings     | |  4.5

Action                   |  1- 3 |  4- 6 || total
-------------------------+-------+-------++-------
Melee: Short sword       |    62 |    73 ||   135
       Constrict         |    17 |    17 ||    34
       Tentacles         |    13 |    14 ||    27
       Punch             |       |     1 ||     1
 Cast: Summon Small Mamm |     7 |       ||     7
       Call Imp          |     2 |     4 ||     6
  Use: Scroll            |       |     3 ||     3
       Potion            |       |     3 ||     3
 Stab: Sleeping          |    10 |    10 ||    20
Armor: Skin              |     6 |    13 ||    19
Dodge: Dodged            |    37 |    37 ||    74

Table legend: (Time is in decaauts)
 A = Elapsed time spent in this place.
 B = Non-inter-level travel time spent in this place.
 C = Inter-level travel time spent in this place.
 D = Time resting spent in this place.
 E = Time spent auto-exploring this place.
 F = Levels seen in this place.
 G = Mean time per level.
                   A        B        C        D        E       F      G
               +--------+--------+--------+--------+--------+-----+--------+
         Total |   3589 |   3508 |     81 |    795 |   2071 |   4 |  897.2 |
       Dungeon |   3589 |   3508 |     81 |    795 |   2071 |   4 |  897.2 |
               +--------+--------+--------+--------+--------+-----+--------+

Top non-repeatable levels by time:
     D:1: 1468 daAuts
     D:3: 1132 daAuts
     D:2: 595 daAuts
     D:4: 393 daAuts
